 Dungeon Crawl Stone Soup version 0.20.0-10-g0535bb4 (webtiles) character file.

78 w00t the Sneak (level 4, -3/40 HPs)
             Began as a Naga Assassin on June 7, 2017.
             Killed from afar by Sigmund (9 damage)
             ... with a wand of flame (?/48)
             ... on level 3 of the Dungeon.
             The game lasted 00:03:28 (2883 turns).

w00t the Sneak (Naga Assassin)                      Turns: 2883, Time: 00:03:28

Health: -3/40      AC:  6    Str: 14    XL:     4   Next: 36%
Magic:  4/4        EV:  4    Int: 12    God:
Gold:   132        SH:  0    Dex: 12    Spells: 3/3 levels left

rFire    . . .     SeeInvis +   a - +0 spear (venom)
rCold    . . .     Gourm    .   (no shield)
rNeg     . . .     Faith    .   n - +0 chain mail
rPois    +         Spirit   .   (no helmet)
rElec    .         Reflect  .   d - +0 cloak
rCorr    .         Harm     +   (no gloves)
MR       .....                  (no barding)
Stlth    ..........             m - amulet of harm
Regen    0.2/turn               (no ring)
MPRegen  0.1/turn               (no ring)

@: confused, very slow
A: see invisible, deformed body, poison resistance, slowness 2, slow metabolism
1, spit poison 1, AC +1
a: Spit Poison


You were on level 3 of the Dungeon.
You were hungry.

You visited 1 branch of the dungeon, and saw 3 of its levels.

You collected 132 gold pieces.

Inventory:

Hand Weapons
 a - a +0 spear of venom (weapon)
 b - a +2 dagger
 p - a +0 blowgun
Missiles
 e - 21 poisoned needles
 f - 2 curare-tipped needles
 h - 33 stones (quivered)
 q - 27 sling bullets
Armour
 d - a +0 cloak (worn)
 n - a +0 chain mail (worn)
Jewellery
 m - an amulet of harm (around neck)
Scrolls
 j - a scroll of identify {unknown}
 o - a scroll of remove curse {unknown}
Potions
 c - a potion of agility {unknown}
 i - a potion of ambrosia {unknown}
 k - a potion of lignification {unknown}
 l - 2 potions of haste {unknown}
Comestibles
 g - a bread ration
 r - 6 chunks of flesh
 s - 2 royal jellies


   Skills:
 * Level 2.9 Fighting
 - Level 2.6 Short Blades
 * Level 1.3 Polearms
 - Level 1.7 Throwing
 + Level 1.3 Dodging
 + Level 6.4 Stealth


You had 3 spell levels left.
You didn't know any spells.

Dungeon Overview and Level Annotations

Branches:
Dungeon (3/15)

Altars:
Uskayaw

Annotations:
D:2 exclusion: downstairs
D:3 Ijyb, Sigmund


Innate Abilities, Weirdness & Mutations

You cannot wear boots.
Your serpentine skin is tough. (AC +1)
You have supernaturally acute eyesight. (SInv)
Armour fits poorly on your strangely shaped body.
Your system is resistant to poisons. (rPois)
You cover ground very slowly.
You have a slow metabolism.
You can spit poison.


Message History

The worm is heavily wounded.
The worm bites you but does no damage.
You hit the worm but do no damage.
The worm looks as sick as possible!
The worm is heavily wounded.
You kill the worm!
Sigmund shouts!
Sigmund zaps a wand.
The puff of flame hits you!
* * * LOW HITPOINT WARNING * * *
It is a wand of flame (?/48).
You are feeling hungry.
Sigmund hits you from afar with a scythe of venom.
* * * LOW HITPOINT WARNING * * *
Sigmund casts a spell at you.
You are confused.
Sigmund zaps a wand.
The puff of flame hits you!
* * * LOW HITPOINT WARNING * * *
Sigmund zaps a wand.
The puff of flame hits you!
* * * LOW HITPOINT WARNING * * *
Sigmund zaps a wand.
The puff of flame hits you!
You die...

#.........> #.###.#####
#.#...# #.# #.# #.#...
#.###. #.#..# #†.##.
#.#..# #..##. #.#..#
#...#. #.#..######
##..#.########..........
#..#....@...@....#
#.####..##...###.######
#................#
#######.##...#####
#.##.### #.##.# #.##.#
#.##.# #.##.#


You could see Sigmund.

Vanquished Creatures
  2 adders (D:2)
  An ooze (D:1)
  2 worms
  2 leopard geckos
  8 bats
  A giant cockroach (D:3)
  6 goblins
  7 hobgoblins
  3 kobolds (D:2)
  3 quokkas
  5 frilled lizards
  7 rats
47 creatures vanquished.

Notes
Turn   | Place    | Note
-------+----------+-------------------------------------------
     0 | D:1      | w00t the Naga Assassin began the quest for the Orb.
     0 | D:1      | Reached XP level 1. HP: 19/19 MP: 1/1
   189 | D:1      | Reached skill level 1 in Dodging
   303 | D:1      | Reached skill level 6 in Stealth
   319 | D:1      | Reached XP level 2. HP: 26/26 MP: 2/2
  1277 | D:2      | Reached XP level 3. HP: 33/33 MP: 3/3
  1593 | D:2      | Found a hide-covered altar of Uskayaw.
  2076 | D:2      | Reached XP level 4. HP: 21/40 MP: 4/4
  2337 | D:2      | Reached skill level 1 in Polearms
  2702 | D:3      | Noticed Sigmund
  2702 | D:3      | Noticed Ijyb
  2883 | D:3      | Killed from afar by Sigmund

Skill      XL: |  1  2  3  4 |
---------------+-------------+-----
Dodging        | 1 |  1.3
Stealth        | 6 |  6.4
Polearms       | 1 |  1.3
Fighting       | |  2.9
Short Blades   | |  2.6
Throwing       | |  1.7

Action                   |  1- 3 |  4- 6 || total
-------------------------+-------+-------++-------
Melee: Dagger            |   114 |       ||   114
       Spear             |    12 |    41 ||    53
Throw: Stone             |    65 |     5 ||    70
  Eat: Chunk             |     2 |     2 ||     4
Armor: Robe              |     6 |       ||     6
       Ring mail         |    20 |       ||    20
       Leather armour    |     8 |       ||     8
       Chain mail        |    32 |    37 ||    69
Dodge: Dodged            |    63 |     6 ||    69
